 Dungeon Crawl Stone Soup version 0.20.1-1-g8b1a95d (webtiles) character file.

711 Jannitor the Cudgeler (level 7, 0/39 HPs)
             Began as a Gargoyle Chaos Knight on Sept 14, 2017.
             Slain by an orc warrior
             ... wielding a +2 trident of freezing
              (17 damage)
             ... on level 6 of the Dungeon.
             The game lasted 00:12:10 (6677 turns).

Jannitor the Cudgeler (Gargoyle Chaos Knight)       Turns: 6677, Time: 00:12:11

Health: 0/39       AC: 11    Str: 15 (17) XL:     7   Next: 68%
Magic:  7/7        EV: 10    Int: 12 (13) God:    Xom [*.....]
Gold:   169        SH:  3    Dex:  6 (9)  Spells: 6/6 levels left

rFire    . . .     SeeInvis .   v - +0 flail
rCold    . . .     Gourm    .   i - +0 buckler
rNeg     + . .     Faith    .   h - +1 ring mail
rPois    ∞         Spirit   .   (no helmet)
rElec    +         Reflect  .   (no cloak)
rCorr    .         Harm     .   (no gloves)
MR       .....     Rnd*Tele +   (no boots)
Stlth    ..........             (no amulet)
Regen    0.6/turn               (no ring)
MPRegen  0.1/turn               (no ring)

@: about to teleport
A: frail 1, negative energy resistance 1, regeneration 1, electricity
resistance, teleportitis 1, unbreathing, petrification resistance, rot immunity,
AC +4
a: Renounce Religion


You were on level 6 of the Dungeon.
You worshipped Xom.
You were a special plaything of Xom.
You were not hungry.

You visited 1 branch of the dungeon, and saw 6 of its levels.

You collected 169 gold pieces.

Inventory:

Hand Weapons
 a - a +0 mace of chaos
 v - a +0 flail (weapon)
Armour
 b - a +2 leather armour
 h - a +1 ring mail (worn)
 i - a +0 buckler (worn)
 p - a +0 pair of boots of running
Jewellery
 n - an uncursed amulet of the gourmand {unknown}
Wands
 q - a wand of digging (5/24)
Scrolls
 e - 4 scrolls of identify
 f - a scroll of teleportation
 o - a scroll of remove curse
 u - a scroll of enchant armour
Potions
 d - 2 potions of magic
 j - a potion of heal wounds {unknown}
 l - 2 potions of curing
 m - a potion of invisibility
Comestibles
 c - 5 bread rations
 g - 6 meat rations
 k - 3 chunks of flesh
 s - a royal jelly


   Skills:
 + Level 5.2 Fighting
 * Level 6.2 Maces & Flails
 + Level 4.5 Armour
 - Level 0.7 Dodging
 + Level 2.9 Shields


You had 6 spell levels left.
You didn't know any spells.

Dungeon Overview and Level Annotations

Branches:
Dungeon (6/15)
 Temple: D:4-7

Altars:
Dithmenos
Fedhas
Kikubaaqudgha
Makhleb
Nemelex Xobeh
Okawaru
Ru
Trog
Xom

Annotations:
D:2 1 runed door
D:4 exclusion: downstairs


Innate Abilities, Weirdness & Mutations

You are resistant to torment.
Your stone body is resilient. (AC +4)
You are immune to poison.
You resist negative energy. (rN+)
You are resistant to electric shocks. (rElec)
You can survive without breathing.
You are immune to petrification.
You are immune to rotting.
You are frail. (-10% HP)
Your natural rate of healing is unusually fast.
You are occasionally teleported next to monsters.


Message History

The orc warrior shouts!
Xom decides to rearrange the pieces.
You swap places with the orc.
The orc looks rather confused.
You hear a shout!
The orc seems less confused.
The orc warrior hits you from afar with a trident of freezing!
The orc warrior freezes you.
Found a stone staircase leading up.
Unknown command.
The orc warrior hits you from afar with a trident of freezing!
The orc warrior freezes you.
An orc comes into view. It is wielding a short sword.
As you read the scroll of teleportation, it crumbles to dust.
You feel strangely unstable. The orc hits you but does no damage.
You see here a pair of runed boots.
p - a pair of runed boots The orc warrior hits you from afar with a trident of freezing!
You die...
Xom guffaws!

......(## ##........
#######.###.######## #
##(#.## #########.##
......# #)# #####.# #.#
#.# #.# #####
#####.###.###...##
................@##
####......#....o..####.#
# ##.###.......o......#
# ### ##......o<######
#.#.....## #.........#
#####.####.# #.#### #
#..?.#


You could see an orc warrior and 2 orcs.

Vanquished Creatures
  A sky beast (D:6)
  An ice beast (D:5)
  A centaur (D:6)
  2 howler monkeys (D:4)
  An orc priest (D:4)
  A hound (D:4)
  An iguana (D:6)
  An orc wizard (D:6)
  3 worker ants (D:4)
  A gnoll (D:4)
  8 adders
  2 oozes (D:1)
  An adder skeleton (D:4)
  An adder zombie (D:5)
  3 worms
  A dart slug (D:3)
  3 leopard geckos
  16 orcs
  3 ball pythons (D:3)
  8 giant cockroaches
  7 hobgoblins
  5 jackals (D:4)
  8 kobolds
  2 quokkas
  7 bats
  A frilled lizard (D:3)
  5 goblins
  A leopard gecko skeleton (D:4)
  7 rats
  A plant (D:1)
103 creatures vanquished.

Vanquished Creatures (collateral kills)
  A hobgoblin (D:2)
  A quokka (D:2)
2 creatures vanquished.

Vanquished Creatures (others)
  2 jackals (D:4)
2 creatures vanquished.

Grand Total: 107 creatures vanquished

Notes
Turn   | Place    | Note
-------+----------+-------------------------------------------
     0 | D:1      | Jannitor the Gargoyle Chaos Knight began the quest for the Orb.
     0 | D:1      | Reached XP level 1. HP: 14/14 MP: 1/1
   308 | D:1      | XOM: silly message
   321 | D:1      | XOM: harmless Necr miscast
   632 | D:1      | Reached XP level 2. HP: 15/19 MP: 2/2
   758 | D:1      | XOM: god gift: 9 gold pieces
   876 | D:1      | XOM is BORED!
   876 | D:1      | XOM: severe Tloc miscast
  1555 | D:2      | XOM: cast spell 'Summon Ice Beast'
  1645 | D:2      | Reached XP level 3. HP: 12/24 MP: 3/3
  1885 | D:2      | Found a runed door.
  2000 | D:2      | XOM: scenery: create altars
  2167 | D:2      | XOM: cloud trail
  2443 | D:2      | XOM: cloud trail
  2785 | D:3      | XOM: polymorph kobold -> dart slug
  2837 | D:3      | Reached XP level 4. HP: 24/29 MP: 4/4
  2955 | D:3      | Reached skill level 4 in Maces & Flails
  3078 | D:3      | Found a faded altar of an unknown god.
  3147 | D:3      | Found a blossoming altar of Fedhas.
  3149 | D:3      | XOM: fog
  3158 | D:3      | Found a sparkling altar of Nemelex Xobeh.
  3172 | D:3      | Found an iron altar of Okawaru.
  3172 | D:3      | Found a sacrificial altar of Ru.
  3173 | D:3      | Found a burning altar of Makhleb.
  3173 | D:3      | Found a shimmering altar of Xom.
  3174 | D:3      | Found an ancient bone altar of Kikubaaqudgha.
  3176 | D:3      | Found a shadowy altar of Dithmenos.
  3177 | D:3      | Found a bloodstained altar of Trog.
  3503 | D:3      | Found a bloodstained altar of Trog.
  3724 | D:5      | Entered Level 5 of the Dungeon
  3724 | D:5      | Noticed a centaur
  3914 | D:4      | Reached skill level 1 in Shields
  3914 | D:4      | Reached XP level 5. HP: 20/33 MP: 5/5
  3918 | D:4      | XOM: smoke on damage
  4124 | D:4      | XOM: polymorph orc wizard -> gnoll
  4386 | D:4      | XOM: 8-stop teleportation journey
  4469 | D:4      | XOM: destruction
  4616 | D:4      | XOM: destruction
  4625 | D:4      | XOM: summons 3 friendly demons
  4627 | D:4      | XOM: 2-stop teleportation journey
  4697 | D:4      | Reached skill level 5 in Maces & Flails
  4798 | D:4      | Reached XP level 6. HP: 39/39 MP: 6/6
  4848 | D:4      | XOM: mild Tmut miscast
  4899 | D:4      | XOM: medium Fire miscast
  5116 | D:4      | XOM: harmless Pois miscast
  5198 | D:4      | XOM: enchant monster (bad)
  5206 | D:4      | XOM: mild Summ miscast
  5286 | D:4      | XOM: potion effect (invisibility)
  5636 | D:4      | XOM: give mutation
  5636 | D:4      | Gained mutation: You are frail. (-10% HP) [Xom's mischief]
  5662 | D:4      | XOM: god gift: bread ration
  5783 | D:5      | Noticed an ice beast
  5796 | D:5      | XOM: enchant monster (good)
  5805 | D:5      | Killed an ice beast
  5805 | D:5      | Reached skill level 5 in Fighting
  5805 | D:5      | Reached XP level 7. HP: 25/39 MP: 7/7
  5993 | D:5      | XOM: confuse monster(s)
  5995 | D:5      | XOM: divination: detect creatures
  6070 | D:6      | XOM: 3-stop teleportation journey
  6086 | D:6      | XOM: 1-stop teleportation journey
  6300 | D:6      | XOM: fog
  6316 | D:6      | Reached skill level 6 in Maces & Flails
  6319 | D:6      | Gained mutation: You are occasionally teleported next to monsters. [mutagenic meat]
  6320 | D:6      | Gained mutation: Your natural rate of healing is unusually fast. [mutagenic meat]
  6320 | D:6      | XOM: cloud trail
  6417 | D:6      | XOM: summons 3 hostile demons
  6491 | D:6      | XOM: mild Tmut miscast
  6671 | D:6      | XOM: swap monsters
  6677 | D:6      | Slain by an orc warrior

Skill      XL: |  1  2  3  4  5  6  7 |
---------------+----------------------+-----
Fighting       | 4 5 |  5.2
Maces & Flails | 4 5 6 |  6.2
Armour         | 3 4 |  4.5
Shields        | 1 2 |  2.9
Dodging        | |  0.7

Action                   |  1- 3 |  4- 6 |  7- 9 || total
-------------------------+-------+-------+-------++-------
Melee: Mace              |   117 |   145 |       ||   262
       Flail             |       |   129 |    99 ||   228
  Use: Potion            |     1 |     2 |     4 ||     7
       Scroll            |     3 |     3 |     1 ||     7
 Stab: Paralysed         |       |     1 |       ||     1
       Invisible         |       |     3 |       ||     3
  Eat: Chunk             |     6 |    10 |     5 ||    21
Armor: Ring mail         |    55 |   137 |    44 ||   236
       Leather armour    |     2 |       |       ||     2
Dodge: Dodged            |    56 |   165 |    49 ||   270
Block: Buckler           |     3 |    32 |     7 ||    42
